AoeStats
← Valius

Arena

504161191Analyzed
3v3 RM · 28d ago on Sep 4, 2026· 38m 50s· 6 players
Game mode
Random Map
Map size
Normal (6 player)
Population
200
Speed
Normal
Resources
Standard
Victory
Conquest
Starting age
Dark Age
Ending age
Imperial Age
RankedLock teamsTeams togetherTeam positionsShared explorationLock speedFull tech treeHidden civsTurbo modeCheats
Victory
Defeat
🇦🇷 Britons · Argentina
832
+12
🇦🇷 Franks · Argentina
818
+13
🇦🇷 Ethiopians · Argentina
781
+14
🇰🇿 Jurchens · Kazakhstan
767
-14
🇨🇴 Franks · Colombia
739
-13
🇩🇪 Khmer · Germany
718
-12
shakerL
8:12 Loom
11:10 Feudal Age
9:29 Loom
11:39 Double-Bit Axe
13:34 Wheelbarrow
16:09 Castle Age
14:13 Horse Collar
17:18 Hand Cart
17:31 Bow Saw
21:48 Gold Mining
21:49 Stone Mining
24:22 Husbandry
24:33 Bloodlines
29:38 Stone Shaft Mining
29:38 Gold Shaft Mining
29:37 Heavy Plow
32:52 Imperial Age
31:05 Town Watch
31:29 Scale Barding Armor
31:24 Scale Mail Armor
31:01 Pikeman
31:29 Arson
32:59 Chain Barding Armor
32:39 Scale Mail Armor
32:50 Forging
33:04 Ballistics
32:55 Fortified Wall
32:41 Murder Holes
34:23 Plate Barding Armor
34:01 Elite Battle Elephant
34:42 Light Cavalry
35:39 Town Patrol
35:57 Caravan
35:41 Halberdier
37:31 Tusk Swords
38:13 Iron Casting
luhigy23
0:28 Loom
13:11 Feudal Age
15:27 Wheelbarrow
18:52 Castle Age
17:15 Double-Bit Axe
18:02 Stone Mining
28:04 Hand Cart
28:10 Padded Archer Armor
28:00 Fletching
27:47 Crossbowman
29:01 Bow Saw
28:47 Gold Mining
29:44 Leather Archer Armor
29:28 Bodkin Arrow
35:39 Imperial Age
34:12 Ballistics
33:49 Murder Holes
37:23 Chemistry
36:47 Conscription
37:32 Pikeman
Valius
0:40 Loom
12:22 Feudal Age
17:56 Castle Age
16:26 Double-Bit Axe
16:48 Gold Mining
18:37 Horse Collar
21:07 Bow Saw
21:56 Fervor
25:51 Squires
25:54 Padded Archer Armor
27:50 Leather Archer Armor
28:04 Gambesons
28:06 Arson
28:39 Forging
31:01 Heavy Plow
31:30 Caravan
32:24 Gold Shaft Mining
32:57 Wheelbarrow
33:51 Siege Engineers
35:46 Fortified Wall
35:58 Ballistics
[Vsh]-Choco
1:36 Loom
12:40 Feudal Age
17:25 Castle Age
18:49 Double-Bit Axe
19:00 Gold Mining
19:01 Stone Mining
19:39 Horse Collar
20:56 Wheelbarrow
26:50 Bow Saw
33:13 Murder Holes
33:39 Ballistics
33:31 Masonry
34:38 Royal Heirs
[Vsh]-WinZerdo
2:31 Loom
12:12 Feudal Age
16:38 Castle Age
15:04 Double-Bit Axe
19:22 Bow Saw
23:11 Wheelbarrow
24:40 Scale Barding Armor
25:17 Hand Cart
26:48 Husbandry
30:41 Chain Barding Armor
30:53 Gold Mining
33:22 Gold Shaft Mining
35:28 Imperial Age
33:12 Forging
33:31 Ballistics
34:48 Iron Casting
35:08 #83
37:15 Chemistry
36:52 Plate Barding Armor
35:40 Cavalier
37:39 Conscription
37:34 Paladin
[Vsh]-BilShit™
0:26 Loom
11:23 Feudal Age
15:18 Castle Age
13:48 Double-Bit Axe
16:49 Wheelbarrow
18:28 Gold Mining
20:35 Horse Collar
23:46 Bow Saw
27:13 Imperial Age
25:03 Crossbowman
25:08 Elite Skirmisher
25:58 Stone Mining
26:28 Caravan
26:59 Fletching
27:10 Padded Archer Armor
27:08 Town Watch
29:16 Hand Cart
29:30 Leather Archer Armor
31:19 Capped Ram
32:03 Arbalester
32:59 Forging
32:54 Squires
34:07 Arson
35:30 Town Patrol
36:41 Ring Archer Armor
36:47 Iron Casting
36:08 Bodkin Arrow
Connection lost

Rejoining the realm…

Still unreachable

The connection could not be restored.

Session expired

The server has moved on; the page needs a fresh start.